 Dungeon Crawl Stone Soup version 0.30-a0-808-g6e0788376e (webtiles) character file.

Game seed: 6554031324397920224

187 cheesebisquit the Cutter (level 5, -3/57 HPs)
             Began as a Merfolk Gladiator on Feb 26, 2023.
             Slain by a bullfrog (7 damage)
             ... in a sewer.
             The game lasted 00:09:58 (2317 turns).

cheesebisquit the Cutter (Merfolk Gladiator)        Turns: 2317, Time: 00:09:59

Health: -3/57      AC:  5    Str: 14    XL:     5   Next: 66%
Magic:  14/14      EV: 13    Int:  8    God:
Gold:   189        SH:  0    Dex: 17    Spells: 4/4 levels left

rFire   . . .      SeeInvis .    a - +1 rapier
rCold   + . .      Faith    .    (no shield)
rNeg    . . .      Spirit   .    b - +0 leather armour
rPois   .          Reflect  .    i - +1 helmet
rElec   .          Harm     .    (no cloak)
rCorr   .          Rampage  .    (no gloves)
Will    .....                    (no boots) Stlth
                                 (no amulet)
HPRegen 0.29/turn                h - ring of protection from cold
MPRegen 0.14/turn                g - ring of magical power

@: berserking, very quick
A: (nimble swimmer 2), mertail
a: no special abilities


You were in a sewer.
You visited 1 branch of the dungeon, and saw 3 of its levels.
You also visited: Sewer.

You collected 189 gold pieces.

Inventory:

Hand Weapons
 a - a +1 rapier (weapon)
Missiles
 d - 2 throwing nets (quivered)
 e - a javelin
 m - 10 boomerangs
Armour
 b - a +0 leather armour (worn)
 c - a +0 helmet
 i - a +1 helmet (worn)
Jewellery
 f - a +5 ring of evasion
 g - a ring of magical power (right hand)
 h - a ring of protection from cold (left hand)
 k - a ring of wizardry
Scrolls
 j - a scroll of identify
 l - a scroll of fog
 q - 2 scrolls of immolation
Potions
 r - a potion of heal wounds {unknown}


   Skills:
 - Level 2.1 Fighting
 + Level 7.4 Short Blades
 - Level 2.0 Throwing
 - Level 4.0 Dodging


You had 4 spell levels left.
You didn't know any spells.
Your spell library contained the following spells:

 Spells                   Type           Power      Damage    Failure   Level
 Summon Guardian Golem    Hex/Summ       0%         N/A       86%         3
 Orb of Destruction       Conj           0%         9d5       100%        7
 Spellforged Servitor     Conj/Summ      0%         N/A       100%        7


Dungeon Overview and Level Annotations

Branches:
Dungeon (3/15)              Sewer (1/1)

Altars:

Shops:
D:2 [


Innate Abilities, Weirdness & Mutations

((You are very nimble when in or above water. (Stealth+, EV+, Speed+++)))
Your lower body shifts to a powerful aquatic tail in water.


Message History

The giant cockroach splashes around in the water.
The bullfrog barely misses you.
The bullfrog hits you but does no damage.
You closely miss the bullfrog. The giant cockroach closely misses you.
The bullfrog barely misses you. The bullfrog hits you.
You barely miss the bullfrog.
Your tail-slap misses the bullfrog.
The bullfrog is lightly wounded.
The bullfrog hits you. x2; The bullfrog hits you!
The bullfrog hits you.
* * * LOW HITPOINT WARNING * * *
Okay, then.
Okay, then.
Your legs become a tail as you enter the water.
The bullfrog hits you but does no damage.
The bullfrog misses you.
Throw: 3 throwing nets
Press: ? - help, Q - select action, (/) - cycle Shift-Dir - straight line, f - bullfrog
Aim: a bullfrog (lightly wounded, 55% to hit)
You throw a throwing net. The throwing net hits the bullfrog.
The bullfrog is caught in the net!
The bullfrog is lightly wounded.
You hear a splash.
The bullfrog struggles against the net.
The bullfrog misses you.
The bullfrog struggles against the net.
The bullfrog struggles against the net.
The net rips apart, and the bullfrog comes free!
The bullfrog hits you.
* * * LOW HITPOINT WARNING * * *
You see here a frilled lizard corpse.
The bullfrog snags a nearby fly with its tongue.
The bullfrog hits you but does no damage. x2
The bullfrog attacks as you move away! The bullfrog closely misses you.
The bullfrog attacks as you move away! The bullfrog closely misses you.
The bullfrog barely misses you. The bullfrog hits you.
* * * LOW HITPOINT WARNING * * *
It was a potion of berserk rage.
A red film seems to cover your vision as you go berserk!
You feel yourself moving faster!
You feel mighty! The bullfrog hits you.
* * * LOW HITPOINT WARNING * * *
The bullfrog hits you!
You die...

≈≈≈.$[?B≈≈≈~~≈~.# #∩#
≈≈≈~.)r≈≈≈≈~~≈~.# #.#
≈≈≈.~.≈≈≈≈≈.~≈~.# #∩#
≈≈≈≈.≈≈≈≈≈†.~≈~.# #.#
≈≈≈≈≈≈≈≈≈~≈.~≈~.# #.#
≈≈≈≈≈≈≈≈~≈~.~≈††###~##
#≈≈≈≈≈≈≈≈≈#.~≈~.##.~.#
##≈≈≈≈≈≈≈≈#.~≈FF##~~~#
##≈≈≈≈≈###.~≈~@##~..#
###### #.~≈~.##~~.#
#.~≈~~##~~~#
#~~≈~~##~~~#
###~~≈~~##~~~##
.~~.~≈~~..~~†.#
~~~~~≈~~~~~~~.#
≈≈≈≈≈≈≈≈≈≈≈≈~.#
~~~≈~~~~~~~≈~.#


You could see 2 bullfrogs.

Vanquished Creatures
  An orc wizard (D:3)
  8 adders
  3 gnolls
  2 dart slugs
  3 orcs (D:3)
  6 ball pythons
  5 endoplasms
  5 giant cockroaches
  A goblin (D:1)
  2 hobgoblins (D:1)
  2 jackals (D:3)
  6 quokkas
  A bat (D:3)
  6 frilled lizards
  7 kobolds
  3 rats
61 creatures vanquished.

Notes
Turn   | Place    | Note
-------+----------+-------------------------------------------
     0 | D:1      | cheesebisquit the Merfolk Gladiator began the quest for the
                  | Orb.
     0 | D:1      | Reached XP level 1. HP: 16/16 MP: 1/1
    58 | D:1      | Reached skill level 4 in Short Blades
   277 | D:1      | Reached XP level 2. HP: 17/22 MP: 2/2
   829 | D:1      | Reached skill level 5 in Short Blades
   829 | D:1      | Reached XP level 3. HP: 27/27 MP: 3/3
  1177 | D:2      | Found Nerunol's Armour Boutique.
  1186 | D:2      | Reached XP level 4. HP: 16/33 MP: 4/4
  1510 | D:2      | Reached skill level 6 in Short Blades
  1961 | D:3      | Reached XP level 5. HP: 28/38 MP: 5/5
  1971 | D:3      | Reached skill level 7 in Short Blades
  2110 | D:3      | Found a glowing drain.
  2136 | Sewer    | Entered a sewer
  2317 | Sewer    | Slain by a bullfrog

Illustrated notes

Levels and vault maps discovered:
D:1:      lemuel_arrival_lava_pool, layout_loops_cross
D:2:      layout_loops_cross, serial_shops, shop
D:3:      layout_loops_cross, portal_sewer_entry_f
Sewer:    sewer_frog_island_01

Skill      XL: |  1  2  3  4  5 |
---------------+----------------+-----
Short Blades   | 4 5 6 7 |  7.4
Fighting       | |  2.1
Throwing       | |  2.0
Dodging        | |  4.0

Action                     |  1- 3 |  4- 6 || total
---------------------------+-------+-------++-------
  Melee: Rapier            |    87 |   140 ||   227
         Tailslap          |       |     2 ||     2
  Throw: Throwing net      |       |     4 ||     4
    Use: Scroll            |       |     7 ||     7
         Potion            |       |     1 ||     1
   Stab: Sleeping          |       |     2 ||     2
 Armour: Leather armour    |    19 |    44 ||    63
  Dodge: Dodged            |    43 |    98 ||   141

Table legend: (Time is in decaauts)
 A = Elapsed time spent in this place.
 B = Non-inter-level travel time spent in this place.
 C = Inter-level travel time spent in this place.
 D = Time resting spent in this place.
 E = Time spent auto-exploring this place.
 F = Levels seen in this place.
 G = Mean time per level.
                   A        B        C        D        E       F      G
               +--------+--------+--------+--------+--------+-----+--------+
         Total |   2280 |   2105 |    175 |    125 |   1477 |   4 |  570.0 |
       Dungeon |   2120 |   1945 |    175 |    125 |   1399 |   3 |  706.7 |
         Sewer |    159 |    159 |      0 |      0 |     78 |   1 |  159.0 |
               +--------+--------+--------+--------+--------+-----+--------+

Top non-repeatable levels by time:
     D:1: 1001 daAuts
     D:2: 773 daAuts
     D:3: 346 daAuts
   Sewer: 159 daAuts
